 Dungeon Crawl Stone Soup version 0.24.0-123-gd5b16e6ec5 (webtiles) character file.

Game seed: 6209947097955734190, levelgen mode: deterministic

275 vishdafish the Slasher (level 6, -11/48 HPs)
             Began as a Demonspawn Berserker on Dec 16, 2019.
             Was a Priest of Trog.
             Mangled by an orc wizard
             ... wielding a +1 dagger of distortion
              (19 damage)
             ... on level 3 of the Dungeon.
             The game lasted 00:02:52 (2109 turns).

vishdafish the Slasher (Demonspawn Berserker)       Turns: 2109, Time: 00:02:53

Health: -11/48     AC: 10    Str: 22    XL:     6   Next: 3%
Magic:  6/6        EV: 18    Int:  8    God:    Trog [***...]
Gold:   156        SH:  0    Dex: 20    Spells: 5/5 levels left

rFire    . . .     SeeInvis .   a - +0 falchion
rCold    . . .     Gourm    .   (no shield)
rNeg     + . .     Faith    .   e - +2 ring mail {rN+}
rPois    .         Spirit   .   (helmet restricted)
rElec    .         Reflect  .   k - +0 cloak
rCorr    .         Harm     .   m - +1 pair of gloves
MR       .....                  (no boots)
Stlth    ++........             (no amulet)
HPRegen  0.16/turn              (no ring)
MPRegen  0.10/turn              (no ring)

@: mighty, agile, berserk cooldown, slowed, very slow
A: claws 1, horns 1, powered by pain 2
a: Berserk, Trog's Hand, Renounce Religion


You were on level 3 of the Dungeon.
You worshipped Trog.
Trog was most pleased with you.
You were hungry.

You visited 1 branch of the dungeon, and saw 3 of its levels.
You visited the Abyss 1 time.

You collected 156 gold pieces.

Inventory:

Hand Weapons
 a - a +0 falchion (weapon)
Armour
 b - a +0 animal skin
 e - a +2 ring mail of positive energy (worn)
 k - a +0 cloak (worn)
 m - a +1 pair of gloves (worn)
Scrolls
 d - 2 scrolls of remove curse {unknown}
 f - 6 scrolls of identify {unknown}
 h - a scroll of immolation {unknown}
 j - 2 scrolls of magic mapping {unknown}
Potions
 g - a potion of berserk rage {unknown}
 i - 2 potions of flight {unknown}
 l - a potion of haste {unknown}
 n - 2 potions of cancellation {unknown}
 o - a potion of mutation {unknown}
Comestibles
 c - 9 rations
 p - 2 chunks of flesh


   Skills:
 + Level 4.0 Fighting
 + Level 4.5 Long Blades
 + Level 2.6 Armour
 + Level 3.0 Dodging
 + Level 0.2 Stealth


You had 5 spell levels left.
You didn't know any spells.
Your spell library was empty.

Dungeon Overview and Level Annotations

Branches:
Dungeon (3/15)

Altars:
Elyvilon
Okawaru
Uskayaw
The Shining One


Innate Abilities, Weirdness & Mutations

You have sharp fingernails.
You have a pair of small horns on your head.
You sometimes gain power by taking damage.


Message History

You feel yourself slow down.
You can move again.
You aren't carrying any items that you can evoke.
The orc wizard casts a spell at you. The puff of flame misses you.
You barely miss the orc wizard.
The orc wizard hits you but does no damage.
Space bends around you.
* * * LOW HITPOINT WARNING * * *
The orc wizard completely misses you.
You closely miss the orc wizard. The orc wizard misses you.
You slash the orc wizard!
The orc wizard is severely wounded.
The orc wizard drinks a potion.
The orc wizard is healed!
The orc wizard misses you.
You hit the orc wizard. Your headbutt misses the orc wizard.
The orc wizard is heavily wounded.
The orc wizard hits you but does no damage.
Space warps horribly around you!!
You die...

### #####........
#...'........
#.###........
#.#..........
#.#.#########
#.#†# ..# #.#.#
...
#.#.###########.#
..#......@o.....#
############..#
#..# #..# #){#
#..# ######..#
#...<#..#
#.......#


You could see an orc wizard.

Vanquished Creatures
  A small abomination (Abyss:1)
  2 orc wizards (D:3)
  An orc priest (D:3)
  A gnoll (D:1)
  2 adders
  2 oozes (D:1)
  4 worms
  2 dart slugs
  A leopard gecko (D:1)
  7 orcs
  3 giant cockroaches
  10 goblins
  8 hobgoblins
  3 jackals (D:3)
  2 quokkas (D:3)
  4 bats
  A frilled lizard (D:1)
  7 kobolds
  5 rats
66 creatures vanquished.

Notes
Turn   | Place    | Note
-------+----------+-------------------------------------------
     0 | D:1      | vishdafish the Demonspawn Berserker began the quest for the
                  | Orb.
     0 | D:1      | Reached XP level 1. HP: 18/18 MP: 1/1
   312 | D:1      | Gained mutation: You sometimes gain a little power by
                  | taking damage. [demonic ancestry]
   312 | D:1      | Reached XP level 2. HP: 24/24 MP: 2/2
   551 | D:1      | Reached XP level 3. HP: 13/29 MP: 3/3
   683 | D:1      | Reached ** piety under Trog
  1137 | D:2      | Gained mutation: You have a pair of small horns on your
                  | head. [demonic ancestry]
  1137 | D:2      | Reached XP level 4. HP: 34/37 MP: 4/4
  1560 | D:3      | Found a white marble altar of Elyvilon.
  1635 | D:3      | Gained mutation: You sometimes gain power by taking damage.
                  | [demonic ancestry]
  1635 | D:3      | Reached XP level 5. HP: 24/42 MP: 5/5
  1805 | D:3      | Found a glowing golden altar of the Shining One.
  2007 | D:3      | Reached *** piety under Trog
  2044 | D:3      | Found a hide-covered altar of Uskayaw.
  2044 | D:3      | Found an iron altar of Okawaru.
  2081 | D:3      | Cast into level 1 of the Abyss (orc wizard)
  2098 | Abyss:1  | Gained mutation: You have sharp fingernails. [demonic
                  | ancestry]
  2098 | Abyss:1  | Reached XP level 6. HP: 15/48 MP: 6/6
  2100 | D:3      | Escaped the Abyss
  2109 | D:3      | Mangled by an orc wizard

Levels and vault maps discovered:
D:1:      zelgadis_glass_arrival_small, layout_loops_ring, minmay_octomino_c4
D:2:      layout_rooms, first_ration, kennysheep_nondescript
D:3:      layout_basic, old_standard_altar, gammafunk_temple_overflow_wave,
          chequers_serial_rivers_micro_b, elyvilon_altar_3

Skill      XL: |  1  2  3  4  5 |
---------------+----------------+-----
Dodging        | 2 3 |  3.0
Long Blades    | 3 4 |  4.5
Armour         | 2 |  2.6
Fighting       | 4 |  4.0
Stealth        | |  0.2

Action                   |  1- 3 |  4- 6 || total
-------------------------+-------+-------++-------
Melee: Falchion          |    96 |   118 ||   214
       Headbutt          |       |    31 ||    31
Invok: Berserk           |     1 |     3 ||     4
  Eat: Chunk             |     2 |     2 ||     4
       Ration            |       |     1 ||     1
Armor: Ring mail         |    37 |    57 ||    94
       Animal skin       |     1 |       ||     1
Dodge: Dodged            |    65 |    83 ||   148
       Rpst.: Falchion   |    20 |    30 ||    50
